[Event "56th Biel Festival Rapid 2023"]
[Site "Biel"]
[Date "2024.04.13"]
[Round "5.19"]
[White "Erne, Raphael"]
[Black "Rait Albert"]
[Result "*"]
[WhiteElo "2077"]
[BlackElo "1899"]
[PlyCount "27"]
[EventDate "2023.07.16"]
[EventType "swiss"]
[EventCountry "SUI"]
[TimeControl "900+5"]

1. c4 e5 2. g3 c6 3. Nf3 e4 4. Nd4 d5 5. cxd5 Qxd5 6. Nc2 Nf6 7. Nc3 Qh5 8. Ne3 Bb4 9. Qc2 Bxc3 10. dxc3 O-O 11. Bg2 Re8 12. O-O Bh3 13. b3 Nbd7 14. Rd1 *

[Event "56th Biel Festival Rapid 2023"]
[Site "Biel"]
[Date "2024.04.13"]
[Round "5.20"]
[White "Kocharin, Timur"]
[Black "Olarte, Stefan"]
[Result "*"]
[WhiteElo "2225"]
[BlackElo "1879"]
[PlyCount "73"]
[EventDate "2023.07.16"]
[EventType "swiss"]
[EventCountry "SUI"]
[TimeControl "900+5"]

1. e4 g6 2. d4 Bg7 3. Nc3 Nc6 4. d5 Nb8 5. Nf3 d6 6. Be2 c6 7. O-O cxd5 8. Nxd5 e6 9. Nc3 a6 10. Bf4 e5 11. Bg5 f6 12. Be3 Be6 13. Nd5 Nd7 14. c4 Ne7 15. b4 Bxd5 16. cxd5 O-O 17. Rc1 h6 18. Qd2 Kh7 19. Ne1 f5 20. f3 f4 21. Bf2 g5 22. Nd3 h5 23. Rc2 Rc8 24. Rfc1 Kg6 25. Rxc8 Nxc8 26. Qc3 b6 27. Qc7 Bf6 28. Nb2 b5 29. Qxd8 Rxd8 30. Rc6 Nb8 31. Rc7 Be7 32. a4 bxa4 33. Nxa4 Kf6 34. Kf1 Kf7 35. Ke1 Ke8 36. Kd2 Bf6 37. Nb2 *

[Event "56th Biel Festival Rapid 2023"]
[Site "Biel"]
[Date "2024.04.13"]
[Round "5.21"]
[White "Chobaut, Nicolas"]
[Black "Dergatschova, Anna"]
[Result "*"]
[WhiteElo "1919"]
[BlackElo "2120"]
[PlyCount "29"]
[EventDate "2023.07.16"]
[EventType "swiss"]
[EventCountry "SUI"]
[TimeControl "900+5"]

1. c4 Nc6 2. g3 e5 3. Bg2 Nf6 4. Nf3 Bc5 5. O-O O-O 6. Nxe5 Bxf2+ 7. Rxf2 Nxe5 8. d3 h6 9. Nc3 c6 10. Bf4 Neg4 11. Rf1 Qb6+ 12. d4 Qxb2 13. Qd3 b5 14. h3 Re8 15. cxb5 *

[Event "56th Biel Festival Rapid 2023"]
[Site "Biel"]
[Date "2024.04.13"]
[Round "5.22"]
[White "Materia, Matteo"]
[Black "Schweizer, Simon"]
[Result "*"]
[WhiteElo "1780"]
[BlackElo "2123"]
[PlyCount "46"]
[EventDate "2023.07.16"]
[EventType "swiss"]
[EventCountry "SUI"]
[TimeControl "900+5"]

1. e4 e5 2. Nf3 Nc6 3. Nc3 Nf6 4. d4 exd4 5. Nxd4 Bb4 6. Nxc6 bxc6 7. Bd3 O-O 8. O-O d5 9. exd5 cxd5 10. h3 c6 11. Qf3 Re8 12. Bf4 Qe7 13. Rfe1 Be6 14. a3 Bd6 15. Rad1 a5 16. Ne2 Rab8 17. Nd4 Qc7 18. Bxd6 Qxd6 19. b3 Bd7 20. a4 Re5 21. Rxe5 Qxe5 22. Qe2 Qc7 23. Re1 g6 *

[Event "56th Biel Festival Rapid 2023"]
[Site "Biel"]
[Date "2024.04.13"]
[Round "5.23"]
[White "Toenz, Arthur"]
[Black "Ragios, Konstantinos"]
[Result "*"]
[WhiteElo "2040"]
[BlackElo "1925"]
[PlyCount "31"]
[EventDate "2023.07.16"]
[EventType "swiss"]
[EventCountry "SUI"]
[TimeControl "900+5"]

1. d4 e6 2. Bf4 Nf6 3. e3 b6 4. Qf3 Nc6 5. Nc3 Bb7 6. O-O-O a6 7. e4 Ne7 8. g4 Ng6 9. h4 Nxf4 10. Qxf4 Bb4 11. Nge2 Bd6 12. Qf3 e5 13. g5 Ng8 14. d5 Qe7 15. Ng3 g6 16. Kb1 *

[Event "56th Biel Festival Rapid 2023"]
[Site "Biel"]
[Date "2024.04.13"]
[Round "5.24"]
[White "Vincenti, Leonardo"]
[Black "Dorand, Jean-Pierre"]
[Result "*"]
[WhiteElo "2117"]
[BlackElo "1885"]
[PlyCount "51"]
[EventDate "2023.07.16"]
[EventType "swiss"]
[EventCountry "SUI"]
[TimeControl "900+5"]

1. e4 c6 2. d4 d5 3. exd5 cxd5 4. Bd3 Nc6 5. c3 Qc7 6. h3 Nf6 7. Nf3 g6 8. O-O Bg7 9. Re1 O-O 10. Nbd2 Bf5 11. Bxf5 gxf5 12. Ne5 e6 13. Ndf3 Ne4 14. Bf4 Qb6 15. Nd7 Qxb2 16. Nxf8 Rxf8 17. Qc1 Qxc3 18. Qxc3 Nxc3 19. Be3 Re8 20. Kf1 h6 21. Rec1 Nb5 22. Rab1 Nbxd4 23. Nxd4 Nxd4 24. Rxb7 f4 25. Bxf4 e5 26. Be3 *

[Event "56th Biel Festival Rapid 2023"]
[Site "Biel"]
[Date "2024.04.13"]
[Round "5.25"]
[White "Lang, Fabian"]
[Black "Rohrer, Christophe"]
[Result "*"]
[WhiteElo "1914"]
[BlackElo "2312"]
[PlyCount "40"]
[EventDate "2023.07.16"]
[EventType "swiss"]
[EventCountry "SUI"]
[TimeControl "900+5"]

1. d4 Nf6 2. Nf3 d5 3. e3 e6 4. Bd3 b6 5. Nbd2 Bb7 6. Qe2 Be7 7. O-O O-O 8. e4 dxe4 9. Nxe4 Nbd7 10. c3 h6 11. Bf4 Nd5 12. Bg3 Re8 13. h3 N7f6 14. a4 a6 15. Rfe1 Nh5 16. Ne5 Nxg3 17. fxg3 Nf6 18. Rad1 Nxe4 19. Bxe4 Bxe4 20. Qxe4 Qd5 *

[Event "56th Biel Festival Rapid 2023"]
[Site "Biel"]
[Date "2024.04.13"]
[Round "5.26"]
[White "Pheng, Wissam"]
[Black "Zenker, Ulrich"]
[Result "*"]
[WhiteElo "1940"]
[BlackElo "2156"]
[PlyCount "27"]
[EventDate "2023.07.16"]
[EventType "swiss"]
[EventCountry "SUI"]
[TimeControl "900+5"]

1. e4 e6 2. b3 d5 3. Bb2 Nf6 4. e5 Nfd7 5. f4 c5 6. Qg4 Nc6 7. Nf3 Nb6 8. Bb5 Bd7 9. a4 Nb4 10. Na3 Bxb5 11. axb5 Qd7 12. O-O O-O-O 13. d3 h6 14. Rfd1 *

[Event "56th Biel Festival Rapid 2023"]
[Site "Biel"]
[Date "2024.04.13"]
[Round "5.31"]
[White "Piazza, Carlo"]
[Black "Kleinert, Juergen"]
[Result "*"]
[WhiteElo "2106"]
[BlackElo "1802"]
[PlyCount "31"]
[EventDate "2023.07.16"]
[EventType "swiss"]
[EventCountry "SUI"]
[TimeControl "900+5"]

1. e4 e5 2. Nf3 d5 3. Nxe5 Bd6 4. d4 dxe4 5. Nc4 Be7 6. Nc3 Nf6 7. Bg5 Bf5 8. Qd2 O-O 9. h3 h6 10. Be3 Nd5 11. Nxd5 Qxd5 12. g4 Bh7 13. Na5 Nc6 14. Nxc6 Qxc6 15. O-O-O b5 16. Qa5 *

[Event "56th Biel Festival Rapid 2023"]
[Site "Biel"]
[Date "2024.04.13"]
[Round "5.32"]
[White "Alic, Miran"]
[Black "Ranieri, Pierpaolo"]
[Result "*"]
[WhiteElo "2011"]
[BlackElo "1753"]
[PlyCount "37"]
[EventDate "2023.07.16"]
[EventType "swiss"]
[EventCountry "SUI"]
[TimeControl "900+5"]

1. d4 d5 2. Nf3 Nf6 3. g3 c6 4. Bg2 Bf5 5. c4 e6 6. Nc3 h6 7. Qb3 Qb6 8. c5 Qxb3 9. axb3 Na6 10. Ra4 Bc2 11. O-O Bxb3 12. Ra3 Bc2 13. Ne5 Nc7 14. Bf4 g5 15. Nxf7 gxf4 16. Nxh8 Bg7 17. gxf4 Bxh8 18. Rc1 Bf5 19. b4 *

[Event "56th Biel Festival Rapid 2023"]
[Site "Biel"]
[Date "2024.04.13"]
[Round "5.33"]
[White "Schmuki, Roman"]
[Black "Rahimi, Hamid"]
[Result "*"]
[WhiteElo "1867"]
[BlackElo "1484"]
[PlyCount "38"]
[EventDate "2023.07.16"]
[EventType "swiss"]
[EventCountry "SUI"]
[TimeControl "900+5"]

1. e4 d5 2. exd5 Qxd5 3. Nc3 Qd8 4. g3 Nf6 5. Bg2 Nc6 6. Nf3 Bg4 7. h3 Bh5 8. g4 Bg6 9. d3 e6 10. Bf4 Bd6 11. Qd2 Bxf4 12. Qxf4 Qd6 13. Qd2 a6 14. O-O-O O-O-O 15. Rde1 h6 16. Nh4 Bh7 17. f4 Nd5 18. Nxd5 exd5 19. Nf3 f6 *

[Event "56th Biel Festival Rapid 2023"]
[Site "Biel"]
[Date "2024.04.13"]
[Round "5.35"]
[White "Paholok, Igor"]
[Black "Tcheau, Alain"]
[Result "*"]
[WhiteElo "1710"]
[BlackElo "1985"]
[PlyCount "45"]
[EventDate "2023.07.16"]
[EventType "swiss"]
[EventCountry "SUI"]
[TimeControl "900+5"]

1. d4 d5 2. Nf3 e6 3. e3 Nc6 4. Bd3 Nf6 5. c3 Bd6 6. Nbd2 Bd7 7. O-O Qe7 8. b4 O-O-O 9. b5 Na5 10. Nb3 Nc4 11. a4 e5 12. Bxc4 dxc4 13. dxe5 Bxe5 14. Ba3 Bd6 15. Bxd6 cxd6 16. Na5 d5 17. Qd4 b6 18. Nc6 Bxc6 19. bxc6 Qc5 20. Ne5 Qxd4 21. exd4 Rhf8 22. a5 b5 23. a6 *

[Event "56th Biel Festival Rapid 2023"]
[Site "Biel"]
[Date "2024.04.13"]
[Round "5.36"]
[White "Begdullayev, Tamerlan"]
[Black "Stebahne, Olaf"]
[Result "*"]
[WhiteElo "1783"]
[BlackElo "1913"]
[PlyCount "41"]
[EventDate "2023.07.16"]
[EventType "swiss"]
[EventCountry "SUI"]
[TimeControl "900+5"]

1. c4 d6 2. g3 g6 3. Bg2 Bg7 4. Nf3 Nf6 5. Nc3 O-O 6. O-O e5 7. e4 Nc6 8. d3 Bd7 9. Be3 Ng4 10. Qd2 Nxe3 11. fxe3 Ne7 12. d4 Qc8 13. Rad1 Rd8 14. d5 Rf8 15. b4 Bh3 16. Qf2 Bxg2 17. Kxg2 f5 18. exf5 Nxf5 19. e4 Nd4 20. Qe3 Qg4 21. h3 *

[Event "56th Biel Festival Rapid 2023"]
[Site "Biel"]
[Date "2024.04.13"]
[Round "5.41"]
[White "Prieb, Robert"]
[Black "Schaer, Bryan"]
[Result "*"]
[WhiteElo "2060"]
[BlackElo "1283"]
[PlyCount "53"]
[EventDate "2023.07.16"]
[EventType "swiss"]
[EventCountry "SUI"]
[TimeControl "900+5"]

1. d4 e6 2. c4 Nf6 3. Nf3 d5 4. Nc3 g6 5. Bf4 Bg7 6. e3 c6 7. c5 O-O 8. Bd3 Nbd7 9. O-O Nh5 10. b4 Nxf4 11. exf4 b6 12. Ne5 Nxe5 13. fxe5 a5 14. a3 Ba6 15. Bxa6 Rxa6 16. Qc2 axb4 17. axb4 Rxa1 18. Rxa1 b5 19. Ra6 Qc7 20. Ne2 Qb7 21. Qa2 Rc8 22. Ra7 Qb8 23. f4 h6 24. Qa6 Rf8 25. Qb7 Qxb7 26. Rxb7 Rc8 27. Ra7 *

[Event "56th Biel Festival Rapid 2023"]
[Site "Biel"]
[Date "2024.04.13"]
[Round "5.45"]
[White "Tkhoruk, Roman"]
[Black "Caduff Simon"]
[Result "*"]
[WhiteElo "1803"]
[BlackElo "1610"]
[PlyCount "28"]
[EventDate "2023.07.16"]
[EventType "swiss"]
[EventCountry "SUI"]
[TimeControl "900+5"]

1. d4 d5 2. c4 e6 3. e4 dxe4 4. Nc3 f5 5. f3 exf3 6. Nxf3 Nf6 7. Bf4 Bd6 8. Ne5 Nbd7 9. Be2 O-O 10. Qd3 a6 11. O-O-O Bxe5 12. dxe5 Ne8 13. h4 Qe7 14. Bg5 Qc5 *

[Event "56th Biel Festival Rapid 2023"]
[Site "Biel"]
[Date "2024.04.13"]
[Round "5.46"]
[White "Settegrana Miro"]
[Black "Vianin, Pascal"]
[Result "0-1"]
[WhiteElo "1301"]
[BlackElo "2051"]
[PlyCount "32"]
[EventDate "2023.07.16"]
[EventType "swiss"]
[EventCountry "SUI"]
[TimeControl "900+5"]

1. e4 g6 2. d4 Bg7 3. Nf3 d6 4. Bd3 a6 5. O-O b5 6. Re1 Bb7 7. c3 Nd7 8. Nbd2 e6 9. Nf1 Ne7 10. Ng3 c5 11. h4 h6 12. h5 g5 13. Qc2 Rc8 14. Ne2 Nf6 15. dxc5 dxc5 16. e5 c4 0-1

[Event "56th Biel Festival Rapid 2023"]
[Site "Biel"]
[Date "2024.04.13"]
[Round "5.47"]
[White "Wilhelm, Serge"]
[Black "Baghirov, Elmar"]
[Result "1-0"]
[WhiteElo "1959"]
[BlackElo "1178"]
[PlyCount "39"]
[EventDate "2023.07.16"]
[EventType "swiss"]
[EventCountry "SUI"]
[TimeControl "900+5"]

1. d4 d5 2. Bg5 Nc6 3. Nf3 Bf5 4. e3 e6 5. Bxd8 Rxd8 6. Bd3 Bg6 7. O-O Nf6 8. Nbd2 Bd6 9. Re1 O-O 10. Bxg6 hxg6 11. c3 Rfe8 12. e4 dxe4 13. Nxe4 Nxe4 14. Rxe4 f5 15. Re2 e5 16. dxe5 Bxe5 17. Qb3+ Kh7 18. Ng5+ Kh8 19. Re3 f4 20. Rh3# 1-0

[Event "56th Biel Festival Rapid 2023"]
[Site "Biel"]
[Date "2024.04.13"]
[Round "5.48"]
[White "Begdullayeva, Karina"]
[Black "Giambrone, Salvatore"]
[Result "*"]
[WhiteElo "1034"]
[BlackElo "1772"]
[PlyCount "33"]
[EventDate "2023.07.16"]
[EventType "swiss"]
[EventCountry "SUI"]
[TimeControl "900+5"]

1. e4 e6 2. d4 d5 3. exd5 exd5 4. Nf3 Nf6 5. Nc3 c6 6. Bg5 Bd6 7. h3 O-O 8. Be2 Bf5 9. O-O Nbd7 10. Bd3 Bg6 11. Re1 Qc7 12. Bxg6 fxg6 13. Ne2 Ne4 14. Be3 Ndf6 15. Nc3 Bf4 16. Nxe4 Nxe4 17. Ne5 *

[Event "56th Biel Festival Rapid 2023"]
[Site "Biel"]
[Date "2024.04.13"]
[Round "6"]
[White "Pranav Anand"]
[Black "Quesada Perez, Luis Ernesto"]
[Result "*"]
[WhiteElo "2510"]
[BlackElo "2553"]
[PlyCount "42"]
[EventDate "2023.07.16"]
[EventType "swiss"]
[EventCountry "SUI"]
[TimeControl "900+5"]

1. d4 Nf6 2. c4 c6 3. Nc3 d5 4. e3 e6 5. Nf3 Nbd7 6. Qc2 Bd6 7. g4 Nxg4 8. Rg1 Qf6 9. Rxg4 Qxf3 10. Rxg7 Nf6 11. Bg2 Qh5 12. e4 dxe4 13. Be3 Bd7 14. Rg5 Qh4 15. O-O-O Bf4 16. Rg3 Bxe3+ 17. fxe3 O-O-O 18. Bxe4 Rhg8 19. Rdg1 Rxg3 20. Rxg3 Ng4 21. Qg2 f5 *

[Event "56th Biel Festival Rapid 2023"]
[Site "Biel"]
[Date "2024.04.13"]
[Round "6"]
[White "Bharath Subramaniyam H"]
[Black "Vantika Agrawal"]
[Result "*"]
[WhiteElo "2488"]
[BlackElo "2428"]
[PlyCount "30"]
[EventDate "2023.07.16"]
[EventType "swiss"]
[EventCountry "SUI"]
[TimeControl "900+5"]

1. d4 Nf6 2. Nf3 g6 3. Nc3 d5 4. Bf4 Bg7 5. Nb5 Na6 6. e3 O-O 7. Be2 Ne4 8. O-O c6 9. Na3 c5 10. Be5 f6 11. Bg3 Nxg3 12. hxg3 cxd4 13. Nxd4 e5 14. Nb3 Be6 15. c4 Rc8 *

[Event "56th Biel Festival Rapid 2023"]
[Site "Biel"]
[Date "2024.04.13"]
[Round "6"]
[White "Haimovich, Tal"]
[Black "Rasovic, Dragan"]
[Result "*"]
[WhiteElo "2374"]
[BlackElo "2069"]
[PlyCount "30"]
[EventDate "2023.07.16"]
[EventType "swiss"]
[EventCountry "SUI"]
[TimeControl "900+5"]

1. e4 c6 2. Nc3 d5 3. Nf3 dxe4 4. Nxe4 Nd7 5. d4 Ngf6 6. Ng3 e6 7. Bd3 c5 8. O-O cxd4 9. Nxd4 Be7 10. Re1 O-O 11. c3 a6 12. Bc2 Re8 13. Bf4 Bf8 14. Bg5 h6 15. Be3 b6 *

[Event "56th Biel Festival Rapid 2023"]
[Site "Biel"]
[Date "2024.04.13"]
[Round "6"]
[White "Sukandar, Irine Kharisma"]
[Black "Huston, Gus"]
[Result "*"]
[WhiteElo "2358"]
[BlackElo "2341"]
[PlyCount "43"]
[EventDate "2023.07.16"]
[EventType "swiss"]
[EventCountry "SUI"]
[TimeControl "900+5"]

1. e4 c5 2. Nf3 d6 3. d4 cxd4 4. Qxd4 Nc6 5. Bb5 Bd7 6. Bxc6 Bxc6 7. c4 Nf6 8. Nc3 g6 9. O-O Bg7 10. h3 O-O 11. Qe3 a6 12. Rb1 b5 13. Nd4 Qb6 14. Nxc6 Qxc6 15. cxb5 axb5 16. a3 Rfc8 17. Bd2 Qc4 18. Rfc1 Qb3 19. Qe2 Rab8 20. e5 dxe5 21. Qxe5 e6 22. Qe2 *

[Event "56th Biel Festival Rapid 2023"]
[Site "Biel"]
[Date "2024.04.13"]
[Round "6"]
[White "Kocharin, Timur"]
[Black "Olarte, Stefan"]
[Result "*"]
[WhiteElo "2225"]
[BlackElo "1879"]
[PlyCount "74"]
[EventDate "2023.07.16"]
[EventType "swiss"]
[EventCountry "SUI"]
[TimeControl "900+5"]

1. e4 g6 2. d4 Bg7 3. Nc3 Nc6 4. d5 Nb8 5. Nf3 d6 6. Be2 c6 7. O-O cxd5 8. Nxd5 e6 9. Nc3 a6 10. Bf4 e5 11. Bg5 f6 12. Be3 Be6 13. Nd5 Nd7 14. c4 Ne7 15. b4 Bxd5 16. cxd5 O-O 17. Rc1 h6 18. Qd2 Kh7 19. Ne1 f5 20. f3 f4 21. Bf2 g5 22. Nd3 h5 23. Rc2 Rc8 24. Rfc1 Kg6 25. Rxc8 Nxc8 26. Qc3 b6 27. Qc7 Bf6 28. Nb2 b5 29. Qxd8 Rxd8 30. Rc6 Nb8 31. Rc7 Be7 32. a4 bxa4 33. Nxa4 Kf6 34. Kf1 Kf7 35. Ke1 Ke8 36. Kd2 Bf6 37. Nb2 Ne7 *

[Event "56th Biel Festival Rapid 2023"]
[Site "Biel"]
[Date "2024.04.13"]
[Round "6"]
[White "Vincenti, Leonardo"]
[Black "Dorand, Jean-Pierre"]
[Result "*"]
[WhiteElo "2117"]
[BlackElo "1885"]
[PlyCount "52"]
[EventDate "2023.07.16"]
[EventType "swiss"]
[EventCountry "SUI"]
[TimeControl "900+5"]

1. e4 c6 2. d4 d5 3. exd5 cxd5 4. Bd3 Nc6 5. c3 Qc7 6. h3 Nf6 7. Nf3 g6 8. O-O Bg7 9. Re1 O-O 10. Nbd2 Bf5 11. Bxf5 gxf5 12. Ne5 e6 13. Ndf3 Ne4 14. Bf4 Qb6 15. Nd7 Qxb2 16. Nxf8 Rxf8 17. Qc1 Qxc3 18. Qxc3 Nxc3 19. Be3 Re8 20. Kf1 h6 21. Rec1 Nb5 22. Rab1 Nbxd4 23. Nxd4 Nxd4 24. Rxb7 f4 25. Bxf4 e5 26. Be3 Ne6 *

[Event "56th Biel Festival Rapid 2023"]
[Site "Biel"]
[Date "2024.04.13"]
[Round "6"]
[White "Piazza, Carlo"]
[Black "Kleinert, Juergen"]
[Result "*"]
[WhiteElo "2106"]
[BlackElo "1802"]
[PlyCount "32"]
[EventDate "2023.07.16"]
[EventType "swiss"]
[EventCountry "SUI"]
[TimeControl "900+5"]

1. e4 e5 2. Nf3 d5 3. Nxe5 Bd6 4. d4 dxe4 5. Nc4 Be7 6. Nc3 Nf6 7. Bg5 Bf5 8. Qd2 O-O 9. h3 h6 10. Be3 Nd5 11. Nxd5 Qxd5 12. g4 Bh7 13. Na5 Nc6 14. Nxc6 Qxc6 15. O-O-O b5 16. Qa5 Rfb8 *

[Event "56th Biel Festival Rapid 2023"]
[Site "Biel"]
[Date "2024.04.13"]
[Round "6"]
[White "Prieb, Robert"]
[Black "Schaer, Bryan"]
[Result "*"]
[WhiteElo "2060"]
[BlackElo "1283"]
[PlyCount "55"]
[EventDate "2023.07.16"]
[EventType "swiss"]
[EventCountry "SUI"]
[TimeControl "900+5"]

1. d4 e6 2. c4 Nf6 3. Nf3 d5 4. Nc3 g6 5. Bf4 Bg7 6. e3 c6 7. c5 O-O 8. Bd3 Nbd7 9. O-O Nh5 10. b4 Nxf4 11. exf4 b6 12. Ne5 Nxe5 13. fxe5 a5 14. a3 Ba6 15. Bxa6 Rxa6 16. Qc2 axb4 17. axb4 Rxa1 18. Rxa1 b5 19. Ra6 Qc7 20. Ne2 Qb7 21. Qa2 Rc8 22. Ra7 Qb8 23. f4 h6 24. Qa6 Rf8 25. Qb7 Qxb7 26. Rxb7 Rc8 27. Ra7 Bh8 28. Nc1 *

[Event "56th Biel Festival Rapid 2023"]
[Site "Biel"]
[Date "2024.04.13"]
[Round "6"]
[White "Toenz, Arthur"]
[Black "Ragios, Konstantinos"]
[Result "*"]
[WhiteElo "2040"]
[BlackElo "1925"]
[PlyCount "33"]
[EventDate "2023.07.16"]
[EventType "swiss"]
[EventCountry "SUI"]
[TimeControl "900+5"]

1. d4 e6 2. Bf4 Nf6 3. e3 b6 4. Qf3 Nc6 5. Nc3 Bb7 6. O-O-O a6 7. e4 Ne7 8. g4 Ng6 9. h4 Nxf4 10. Qxf4 Bb4 11. Nge2 Bd6 12. Qf3 e5 13. g5 Ng8 14. d5 Qe7 15. Ng3 g6 16. Kb1 h6 17. gxh6 *

[Event "56th Biel Festival Rapid 2023"]
[Site "Biel"]
[Date "2024.04.13"]
[Round "6"]
[White "Pheng, Wissam"]
[Black "Zenker, Ulrich"]
[Result "*"]
[WhiteElo "1940"]
[BlackElo "2156"]
[PlyCount "28"]
[EventDate "2023.07.16"]
[EventType "swiss"]
[EventCountry "SUI"]
[TimeControl "900+5"]

1. e4 e6 2. b3 d5 3. Bb2 Nf6 4. e5 Nfd7 5. f4 c5 6. Qg4 Nc6 7. Nf3 Nb6 8. Bb5 Bd7 9. a4 Nb4 10. Na3 Bxb5 11. axb5 Qd7 12. O-O O-O-O 13. d3 h6 14. Rfd1 d4 *

[Event "56th Biel Festival Rapid 2023"]
[Site "Biel"]
[Date "2024.04.13"]
[Round "6"]
[White "Chobaut, Nicolas"]
[Black "Dergatschova, Anna"]
[Result "*"]
[WhiteElo "1919"]
[BlackElo "2120"]
[PlyCount "30"]
[EventDate "2023.07.16"]
[EventType "swiss"]
[EventCountry "SUI"]
[TimeControl "900+5"]

1. c4 Nc6 2. g3 e5 3. Bg2 Nf6 4. Nf3 Bc5 5. O-O O-O 6. Nxe5 Bxf2+ 7. Rxf2 Nxe5 8. d3 h6 9. Nc3 c6 10. Bf4 Neg4 11. Rf1 Qb6+ 12. d4 Qxb2 13. Qd3 b5 14. h3 Re8 15. cxb5 Qa3 *

[Event "56th Biel Festival Rapid 2023"]
[Site "Biel"]
[Date "2024.04.13"]
[Round "6"]
[White "Paholok, Igor"]
[Black "Tcheau, Alain"]
[Result "*"]
[WhiteElo "1710"]
[BlackElo "1985"]
[PlyCount "46"]
[EventDate "2023.07.16"]
[EventType "swiss"]
[EventCountry "SUI"]
[TimeControl "900+5"]

1. d4 d5 2. Nf3 e6 3. e3 Nc6 4. Bd3 Nf6 5. c3 Bd6 6. Nbd2 Bd7 7. O-O Qe7 8. b4 O-O-O 9. b5 Na5 10. Nb3 Nc4 11. a4 e5 12. Bxc4 dxc4 13. dxe5 Bxe5 14. Ba3 Bd6 15. Bxd6 cxd6 16. Na5 d5 17. Qd4 b6 18. Nc6 Bxc6 19. bxc6 Qc5 20. Ne5 Qxd4 21. exd4 Rhf8 22. a5 b5 23. a6 Ne4 *

[Event "56th Biel Festival Rapid 2023"]
[Site "Biel"]
[Date "2024.04.13"]
[Round "6.1"]
[White "Quesada Perez, Luis Ernesto"]
[Black "Bharath Subramaniyam H"]
[Result "*"]
[WhiteElo "2553"]
[BlackElo "2488"]
[PlyCount "56"]
[EventDate "2023.07.16"]
[EventType "swiss"]
[EventCountry "SUI"]
[TimeControl "900+5"]

1. d4 Nf6 2. c4 e6 3. Nf3 Bb4+ 4. Bd2 c5 5. g3 b6 6. Bg2 Bb7 7. Bxb4 cxb4 8. O-O O-O 9. a3 Qe7 10. e3 a5 11. Nbd2 Na6 12. Qe2 d6 13. e4 e5 14. Qe3 Ng4 15. Qe2 g6 16. Rfe1 Rae8 17. h3 Nf6 18. Rad1 Kg7 19. Qe3 Qc7 20. Nh4 Bc8 21. Nf5+ Bxf5 22. exf5 exd4 23. Qxd4 Qc5 24. Qxc5 Nxc5 25. fxg6 hxg6 26. axb4 axb4 27. Nf1 Na4 28. Rxe8 Rxe8 *

[Event "56th Biel Festival Rapid 2023"]
[Site "Biel"]
[Date "2024.04.13"]
[Round "6.3"]
[White "Huston, Gus"]
[Black "Materia, Marco"]
[Result "*"]
[WhiteElo "2341"]
[BlackElo "2436"]
[PlyCount "113"]
[EventDate "2023.07.16"]
[EventType "swiss"]
[EventCountry "SUI"]
[TimeControl "900+5"]

1. e4 c5 2. Nf3 e6 3. c3 d5 4. exd5 Qxd5 5. d4 Nf6 6. Na3 Nc6 7. Be3 cxd4 8. Nb5 Qd7 9. Nbxd4 Bd6 10. Nb5 Bb8 11. Qxd7+ Bxd7 12. O-O-O Ng4 13. Nd6+ Bxd6 14. Rxd6 Nxe3 15. fxe3 Ke7 16. Rd2 Rhd8 17. Be2 Be8 18. h4 Rxd2 19. Kxd2 Rd8+ 20. Kc2 f6 21. Bd3 h6 22. g4 Bf7 23. b4 e5 24. a4 Bd5 25. e4 Bb3+ 26. Kxb3 Rxd3 27. Rf1 Re3 28. Nd2 Rg3 29. h5 Rxg4 30. a5 Rh4 31. Rg1 Kf8 32. Nc4 Rxh5 33. Nd6 Rg5 34. Rd1 Nd8 35. Nc8 Ke8 36. Nd6+ Kf8 37. Nc8 Ne6 38. Nxa7 h5 39. Nb5 h4 40. Rh1 Rh5 41. Nd6 g5 42. Nxb7 g4 43. a6 Nc7 44. a7 Ke7 45. b5 g3 46. b6 Na8 47. Nd6 g2 48. Nc8+ Kf7 49. Rg1 h3 50. b7 h2 51. Rxg2 h1=Q 52. bxa8=Q Qxg2 53. Qd5+ Kg7 54. a8=Q Rh2 55. Qa7+ Kh6 56. Qe3+ Kg7 57. Qd7+ *

[Event "56th Biel Festival Rapid 2023"]
[Site "Biel"]
[Date "2024.04.13"]
[Round "6.4"]
[White "Yuffa, Daniil"]
[Black "Ouellet, Maili-Jade"]
[Result "*"]
[WhiteElo "2603"]
[BlackElo "2201"]
[PlyCount "62"]
[EventDate "2023.07.16"]
[EventType "swiss"]
[EventCountry "SUI"]
[TimeControl "900+5"]

1. Nf3 d5 2. g3 Nf6 3. Bg2 e6 4. c4 Be7 5. d4 O-O 6. Qc2 c5 7. dxc5 Qa5+ 8. Nbd2 Qxc5 9. a3 Qc7 10. b4 Nbd7 11. O-O b6 12. Bb2 Ba6 13. Nd4 Rac8 14. b5 Bb7 15. Rfc1 Qb8 16. Qd1 Ne5 17. cxd5 Nxd5 18. Qa4 Rfd8 19. N2b3 Bf6 20. Nc6 Bxc6 21. bxc6 Nf3+ 22. Bxf3 Bxb2 23. Rab1 Bxc1 24. Rxc1 b5 25. Qa6 Qb6 26. Qxb6 Nxb6 27. Nc5 Kf8 28. c7 Rd5 29. Bxd5 Nxd5 30. Na6 Ke7 31. e4 Nf6 *

[Event "56th Biel Festival Rapid 2023"]
[Site "Biel"]
[Date "2024.04.13"]
[Round "6.5"]
[White "Habibi, Ali"]
[Black "Riff, Jean-Noel"]
[Result "*"]
[WhiteElo "2171"]
[BlackElo "2401"]
[PlyCount "30"]
[EventDate "2023.07.16"]
[EventType "swiss"]
[EventCountry "SUI"]
[TimeControl "900+5"]

1. Nf3 Nf6 2. g3 d5 3. Bg2 e6 4. O-O Be7 5. d3 c5 6. Nbd2 Nc6 7. e4 b6 8. Re1 Bb7 9. a3 Qc7 10. c3 O-O 11. e5 Nd7 12. d4 cxd4 13. Nf1 Rfe8 14. Ne3 Nf8 15. Bf1 Rec8 *

[Event "56th Biel Festival Rapid 2023"]
[Site "Biel"]
[Date "2024.04.13"]
[Round "6.6"]
[White "Angst, Robin"]
[Black "Saraci, Nderim"]
[Result "*"]
[WhiteElo "2215"]
[BlackElo "2472"]
[PlyCount "33"]
[EventDate "2023.07.16"]
[EventType "swiss"]
[EventCountry "SUI"]
[TimeControl "900+5"]

1. e4 e5 2. Nc3 Bc5 3. Bc4 d6 4. d3 Be6 5. Bxe6 fxe6 6. Na4 Bb6 7. Nxb6 axb6 8. f4 exf4 9. Bxf4 e5 10. Bd2 Nf6 11. Nf3 Nc6 12. c3 Qd7 13. O-O O-O 14. Qb3+ Qf7 15. Ng5 Rfe8 16. Nf3 h6 17. h3 *

[Event "56th Biel Festival Rapid 2023"]
[Site "Biel"]
[Date "2024.04.13"]
[Round "6.7"]
[White "Huang, Renjie"]
[Black "Illijin Neboisa"]
[Result "1-0"]
[WhiteElo "2445"]
[BlackElo "2140"]
[PlyCount "81"]
[EventDate "2023.07.16"]
[EventType "swiss"]
[EventCountry "SUI"]
[TimeControl "900+5"]

1. e4 c5 2. Nf3 e6 3. g3 Nc6 4. Bg2 Nf6 5. Nc3 d6 6. O-O Bd7 7. d4 cxd4 8. Nxd4 a6 9. Kh1 Be7 10. f4 Qc7 11. Be3 O-O 12. Nxc6 Bxc6 13. g4 b5 14. g5 Nd7 15. f5 b4 16. Ne2 exf5 17. Rxf5 Qb7 18. Ng3 Ne5 19. Rf2 g6 20. h4 Rad8 21. Bd4 f6 22. gxf6 Bxf6 23. Rxf6 Rxf6 24. Bxe5 Re6 25. Bf4 Rf8 26. Bh6 Rfe8 27. Bg5 Qg7 28. Qc1 Qe5 29. Kh2 a5 30. c3 bxc3 31. Qxc3 Qxc3 32. bxc3 Rb8 33. Rd1 Kg7 34. Bh3 Rb2+ 35. Kg1 Re8 36. Rxd6 Bxe4 37. Rd7+ Kg8 38. Bf1 Rb1 39. Kh2 Rb2+ 40. Kh3 Rc8 41. Nxe4 1-0